AoeStats
← Homer554

Arena

510306746Analyzed
1v1 RM · 2d ago on Sep 30, 2026· 43m 25s· 2 players
Game mode
Random Map
Map size
Tiny (2 player)
Population
200
Speed
Normal
Resources
Standard
Victory
Conquest
Starting age
Dark Age
Ending age
Imperial Age
RankedLock teamsTeams togetherTeam positionsShared explorationLock speedFull tech treeHidden civsTurbo modeCheats
Victory
Defeat
🇧🇷 Portuguese · Brazil
917
+15
🇷🇺 Mongols · Russia
895
-15
Homer554
10:21 Feudal Age
14:08 Castle Age
13:03 Horse Collar
13:10 Double-Bit Axe
15:19 Loom
15:58 Heavy Plow
16:23 Bow Saw
18:43 Wheelbarrow
23:48 Town Watch
27:03 Imperial Age
29:39 Hand Cart
30:00 Stone Mining
30:01 Gold Mining
30:20 Scale Barding Armor
30:29 Forging
30:54 Husbandry
31:04 Bloodlines
32:39 Padded Archer Armor
32:29 Fletching
32:46 Onager
33:16 Light Cavalry
34:46 Gold Shaft Mining
34:42 Ballistics
35:24 Chemistry
34:20 Murder Holes
34:35 Fortified Wall
34:45 Masonry
34:59 Conscription
35:33 Chain Barding Armor
35:49 Iron Casting
34:49 Elite Steppe Lancer
36:09 Hussar
37:54 Blast Furnace
36:50 Bodkin Arrow
37:43 Stone Shaft Mining
36:43 Capped Ram
38:38 Siege Engineers
40:42 Elite Mangudai
41:58 Bracer
42:39 Leather Archer Armor
43:32 Thumb Ring
43:52 Parthian Tactics
pppppp #vqen
9:58 Feudal Age
16:55 Castle Age
16:06 Double-Bit Axe
16:27 Horse Collar
17:12 Stone Mining
19:54 Bow Saw
19:36 Gold Mining
21:42 Heavy Plow
25:19 Wheelbarrow
26:47 Ballistics
29:03 Imperial Age
29:22 Stone Shaft Mining
30:56 Chemistry
31:37 Elite Organ Gun
34:17 Arquebus
34:57 Town Watch
35:28 Hand Cart
38:44 Conscription
Connection lost

Rejoining the realm…

Still unreachable

The connection could not be restored.

Session expired

The server has moved on; the page needs a fresh start.